 Dungeon Crawl Stone Soup version 0.17-a0-1951-g62301d3 (webtiles) character file.

70 Kuldar the Slasher (level 4, -2/35 HPs)
             Began as a Vampire Berserker on Oct 3, 2015.
             Was a Believer of Trog.
             Killed by divine providence
             ... invoked by an orc priest
              (10 damage)
             ... on level 3 of the Dungeon.
             The game lasted 00:05:04 (1903 turns).

Kuldar the Slasher (Vampire Berserker)              Turns: 1903, Time: 00:05:04

Health: -2/35      AC:  5    Str: 17    XL:     4   Next: 4%
Magic:  4/4        EV: 12    Int:  9    God:    Trog [**....]
Gold:   168        SH:  0    Dex: 13    Spells: 0 memorised, 3 levels left

rFire  + . .     SeeInvis +     a - +0 falchion
rCold  . . .     Clarity  .     e - +0 ring mail {rF+}
rNeg   + . .     SustAt   .     (no shield)
rPois  .         Gourm    .     (no helmet)
rElec  .         Spirit   .     (no cloak)
rCorr  .         Warding  .     (no gloves)
rMut   .         Stasis   .     (no boots)
MR     .....                    (no amulet)
Stlth  +.........               (no ring)
                                (no ring)

@: not resistant to hostile enchantments, very unstealthy
A: fangs 3, see invisible, unbreathing
a: Bat Form, Burn Spellbooks, Berserk, Trog's Hand, Renounce Religion


You were on level 3 of the Dungeon.
You worshipped Trog.
Trog was pleased with you.
You were not thirsty.

You visited 1 branch of the dungeon, and saw 3 of its levels.

You collected 168 gold pieces.

Inventory:

Hand weapons
 a - a +0 falchion (weapon)
Armour
 e - a +0 ring mail of fire resistance (worn)
Jewellery
 g - an uncursed ring of fire {unknown}
 n - a cursed ring of loudness {unknown}
Scrolls
 d - 2 scrolls of teleportation {unknown}
 i - 2 scrolls of remove curse {unknown}
 j - 2 scrolls of identify {unknown}
 l - a scroll of enchant armour {unknown}
Potions
 b - 4 potions of heal wounds {unknown}
 c - a potion of blood
 f - a potion of cure mutation {unknown}
 h - 2 potions of haste {unknown}
 k - a potion of mutation {unknown}
 m - a potion of agility {unknown}


   Skills:
 * Level 3.1 Fighting
 * Level 3.6 Long Blades
 * Level 2.2 Armour
 * Level 3.0 Dodging


You had 3 spell levels left.
You didn't know any spells.

Dungeon Overview and Level Annotations

Branches:
Dungeon (3/15)

Altars:

Annotations:
D:3 Terence


Innate Abilities, Weirdness & Mutations

You have razor-sharp teeth.
You have supernaturally acute eyesight.
You can survive without breathing.


Message History

An orc priest comes into view. It is wielding an enchanted hand axe.
The bat misses you.
There is an open door here.
You barely miss the bat.
The orc priest shouts!
The bat hits you but does no damage. The bat hits you but does no damage.
The bat barely misses you. The bat barely misses you.
The orc priest invokes the aid of Beogh against you.
Something smites you!
* * * LOW HITPOINT WARNING * * *
You see here 2 fuming black potions.
You close the door.
The bat completely misses you. The bat misses you.
You barely miss the bat. You bite the bat.
You kill the bat!
Trog accepts your kill.
An orc priest opens the door.
The orc priest invokes the aid of Beogh against you.
Something smites you!
You die...

... ... .... .....
.....######
....o......
.....#....########
.....#...o'!.....#
..........######@#
..........#...<#.#
......(..#....#.#
#+###....####.#.#
#....####.#.#
#.........#.#
#....######.#
...............#
###############


You could see an orc priest.

Vanquished Creatures
  2 adders (D:2)
  An ooze (D:3)
  2 giant geckos
  4 orcs (D:3)
  A ball python (D:3)
  5 hobgoblins
  3 bats
  6 giant cockroaches
  4 giant newts
  5 goblins
  7 kobolds
  6 rats
46 creatures vanquished.

Notes
Turn   | Place    | Note
--------------------------------------------------------------
     0 | D:1      | Kuldar the Vampire Berserker began the quest for the Orb.
     0 | D:1      | Reached XP level 1. HP: 17/17 MP: 1/1
   252 | D:1      | Reached XP level 2. HP: 23/23 MP: 2/2
   751 | D:2      | Reached XP level 3. HP: 18/28 MP: 3/3
  1407 | D:3      | Acquired Trog's second power
  1454 | D:3      | Noticed Terence
  1861 | D:3      | Reached XP level 4. HP: 20/35 MP: 4/4
  1903 | D:3      | Killed from afar by an orc priest

Vault maps used:
D:1:      scummos_arrival_star
D:3:      uniq_terence

Action                   |  1- 3 |  4- 6 || total
-------------------------+-------+-------++-------
Melee: Falchion          |   124 |     3 ||   127
 Abil: End Transformatio |     1 |       ||     1
       Bat Form          |     1 |       ||     1
  Use: Potion            |     3 |       ||     3
